 Dungeon Crawl Stone Soup version 0.31-a0-544-gceb718ecc6 (webtiles) character file.

Game seed: 474768141325114249

26044 Newt the Spear-Bearer (level 12, -15/85 HPs)
             Began as a Demonspawn Gladiator on Aug 15, 2023.
             Was an Elder of Hepliaklqana.
             Demolished by a dire elephant simulacrum (20 damage)
             ... in an ice cave.
             The game lasted 00:25:09 (16095 turns).

Newt the Spear-Bearer (Demonspawn Gladiator)       Turns: 16095, Time: 00:25:09

Health: -15/85     AC: 16    Str: 19    XL:     12   Next: 94%
Magic:  12/12      EV: 17    Int: 12    God:    Hepliaklqana [****..]
Gold:   956        SH:  0    Dex: 15    Spells: 11/11 levels left

rFire   . . .        k - +3 spear
rCold   + . .        (no shield)
rNeg    . . .        T - +0 troll leather armour
rPois   .            c - +1 helmet
rElec   .            (cloak unavailable)
rCorr   .            M - +2 pair of gloves
SInv    .            Z - +2 pair of boots "Ahamos" {Int+2}
Will    .....        x - amulet of the acrobat
Stlth   +            d - +5 ring of evasion
HPRegen 1.14/turn    E - ring of protection from cold
MPRegen 0.13/turn

%: acrobat
@: no status effects
A: reduced essence, molten scales 2, demonic guardian 2, ignite blood 1,
weakness stinger 3
a: Renounce Religion, Recall Ancestor, Ancestor Identity, Transference, Idealise


You were in an ice cave.
You worshipped Hepliaklqana.
Hepliaklqana was greatly pleased with you.
You visited 1 branch of the dungeon, and saw 12 of its levels.
You also visited: Ossuary, Gauntlet and Ice Cave.

You collected 1115 gold pieces.
You spent 159 gold pieces at shops.

Inventory:

Hand Weapons
 k - a +3 spear (weapon)
 G - a +2 heavy spear
Missiles
 g - 10 javelins
 i - 9 boomerangs (quivered)
 u - 16 poisoned darts
 U - 5 silver javelins
 W - a throwing net
Armour
 c - a +1 helmet (worn)
 M - a +2 pair of gloves (worn)
 P - +0 steam dragon scales
 T - a +0 troll leather armour (worn)
 Z - the +2 pair of boots "Ahamos" (worn) {Int+2}
   (You found it in a Gauntlet)

   Int+2:     It affects your intelligence (+2).
Jewellery
 a - an amulet of magic regeneration
 d - a +5 ring of evasion (left hand)
 f - a ring of poison resistance
 h - a +5 ring of evasion
 r - a +6 ring of strength
 t - a ring of willpower
 w - a ring of see invisible
 x - an amulet of the acrobat (around neck)
 E - a ring of protection from cold (right hand)
 J - a ring of flight
 L - a ring of willpower
 N - a ring of protection from fire
Wands
 n - a wand of digging (2)
 I - a wand of mindburst (17)
 K - a wand of flame (35)
 O - a wand of paralysis (5)
 R - a wand of polymorph (13)
Scrolls
 m - 5 scrolls of teleportation
 o - a scroll of butterflies
 s - 3 scrolls of vulnerability
 v - 5 scrolls of fog
 y - 2 scrolls of enchant weapon
 C - 2 scrolls of identify
 S - 2 scrolls of fear
 V - a scroll of enchant armour
 X - 2 scrolls of blinking
Potions
 e - a potion of berserk rage {unknown}
 j - 3 potions of magic
 l - 5 potions of brilliance
 p - a potion of might
 q - a potion of resistance
 z - a potion of cancellation
 A - 5 potions of heal wounds
 B - 7 potions of curing
 D - 2 potions of enlightenment
 F - 2 potions of mutation
 Q - a potion of ambrosia {unknown}
 Y - a potion of haste {unknown}
Miscellaneous
 b - a phial of floods


   Skills:
 - Level 9.0 Fighting
 - Level 2.6 Short Blades
 + Level 14.8 Polearms
 - Level 6.0 Throwing
 - Level 8.0 Armour
 - Level 2.6 Dodging
 - Level 6.0 Evocations


You had 11 spell levels left.
You didn't know any spells.
Your spell library contained the following spells:

 Spells                   Type           Power      Damage    Failure   Level
 Sting                    Tmut/Pois      0%         1d3       36%         1
 Blink                    Tloc           0%         N/A       50%         2
 Ensorcelled Hibernation  Hex/Ice        0%         N/A       50%         2
 Lesser Beckoning         Tloc           0%         N/A       50%         2
 Momentum Strike          Conj/Tloc      0%         3d8       50%         2
 Poisonous Vapours        Pois/Air       0%         N/A       50%         2
 Frozen Ramparts          Ice            0%         1d1       75%         3
 Gell's Gravitas          Tloc           0%         N/A       75%         3
 Teleport Other           Tloc           0%         N/A       75%         3
 Volatile Blastmotes      Fire/Tloc      0%         2d10      75%         3
 Anguish                  Hex/Necr       0%         N/A       98%         4
 Fulminant Prism          Conj/Hex       0%         3d5       98%         4
 Iskenderun's Mystic Bla  Conj/Tloc      0%         2d3       98%         4
 Olgreb's Toxic Radiance  Pois           0%         N/A       98%         4
 Petrify                  Tmut/Erth      0%         N/A       98%         4
 Metabolic Englaciation   Hex/Ice        0%         N/A       100%        5
 Dispersal                Tloc           0%         N/A       100%        6


Dungeon Overview and Level Annotations

Branches:
Dungeon (12/15)            Temple (0/1) D:6            Lair (0/5) D:10
    Orc (0/2) D:11        Ossuary (visited)           IceCv (1/1)
Gauntlet (visited)

Altars:
Ashenzari
Fedhas
Gozag
Hepliaklqana
Nemelex Xobeh
Qazlal
Sif Muna
Vehumet
Xom
Yredelemnul

Shops:
D:5 *   D:6 *   D:11 !((?[


Innate Abilities, Weirdness & Mutations

Your life essence is reduced to manifest your ancestor. (-10% HP)
You are mostly covered in molten scales. (AC +3)
A demonic guardian rushes to your aid.
Your demonic aura sometimes causes spilled blood to erupt in flames.
You have a sharp stinger which inflicts weakening toxins.


Message History

The dire elephant simulacrum trunk-slaps your orange demon.
The dire elephant simulacrum freezes your orange demon!!
Your orange demon dies!
Your orange demon disappears in a puff of smoke!
Reach: k) +3 spear
Press: ? - help, Dir - move target, f/p - dire elephant simulacrum
Aim: a dire elephant simulacrum (severely damaged, about 2% to evade your +3 spear)
You reach to attack!
You hit the dire elephant simulacrum.
The dire elephant simulacrum is severely damaged.
Unknown command.
Unknown command.
Reach: k) +3 spear
Press: ? - help, Dir - move target, f/p - dire elephant simulacrum
Aim: a dire elephant simulacrum (severely damaged, about 2% to evade your +3 spear)
You reach to attack!
You hit the dire elephant simulacrum but do no damage.
The dire elephant simulacrum is severely damaged.
Unknown command.
Reach: k) +3 spear
Press: ? - help, Dir - move target, f/p - dire elephant simulacrum
Aim: a dire elephant simulacrum (severely damaged, about 2% to evade your +3 spear)
You reach to attack!
You hit the dire elephant simulacrum but do no damage.
The dire elephant simulacrum is severely damaged.
Reach: k) +3 spear
Press: ? - help, Dir - move target, f/p - dire elephant simulacrum
Aim: a dire elephant simulacrum (severely damaged, about 2% to evade your +3 spear)
You hit the dire elephant simulacrum but do no damage.
The dire elephant simulacrum is severely damaged.
Unknown command.
You hit the dire elephant simulacrum but do no damage.
The dire elephant simulacrum is severely damaged.
The dire elephant simulacrum tramples you!!
* * * LOW HITPOINT WARNING * * *
You hold your ground!
The dire elephant simulacrum trunk-slaps you.
* * * LOW HITPOINT WARNING * * *
The dire elephant simulacrum freezes you!!
You resist.
You die...

#≈≈≈#
#..#
#≈≈##
##.##
≈≈≈≈
#..# ##
≈≈≈≈#
### #.##
.#
#≈≈≈##
##.##
##.##.#
≈≈≈≈
##°.Z#
#.#.##
≈≈≈≈≈
#..#.#
##...#
#.ZZ#Z##
#.#.#
#..###@#
###.##
#...
##.#
##.#
#...#
#..#
##.#
#..#
#..#
#..# ...
#.##
#.##
#...
#..##
#.##
##..#
##.#
#..#
##.#
##.##
##..#


You could see a dire elephant simulacrum and a troll simulacrum.

Vanquished Creatures
  Gastronok (D:10)
  A minotaur (Gauntlet)
  A hell beast (Gauntlet)
  Erica (D:8)
  A two-headed ogre (D:11)
  A boulder beetle (D:11)
  5 death yaks (Gauntlet)
  The ghost of hgbash the Ruffian, a novice TrSh (D:7)
  An ugly thing (D:11)
  A manticore (D:12)
  A moth of wrath (D:7)
  A slime creature (Gauntlet)
  A torpor snail (Gauntlet)
  Joseph (D:10)
  An eye of devastation (Gauntlet)
  An unseen horror (D:12)
  A freezing wraith (IceCv)
  6 kobold demonologists (D:11)
  An ice devil (IceCv)
  2 raiju (Gauntlet)
  A shadow (D:9)
  9 yaks
  A wyvern (D:10)
  3 vampire mosquitoes (D:10)
  2 basilisks
  A steam dragon (D:8)
  A death yak simulacrum (IceCv)
  A warg (D:11)
  7 water moccasins
  A hell hound (Gauntlet)
  2 floating eyes (Gauntlet)
  2 ice beasts
  9 orc warriors
  3 black bears
  4 centaurs
  4 ogres
  2 kobold brigands
  2 gnoll sergeants (D:7)
  A scorpion (D:5)
  5 two-headed ogre simulacra (IceCv)
  2 cane toad simulacra (IceCv)
  11 killer bees
  3 howler monkeys
  3 hounds
  4 orc priests
  3 jellies
  2 iguanas
  7 orc wizards
  6 troll simulacra (IceCv)
  3 spriggan simulacra (IceCv)
  A lightning spire (Gauntlet)
  3 wolf simulacra (IceCv)
  8 mummies (Ossuary)
  6 gnolls
  5 adders
  3 naga simulacra (IceCv)
  3 shadow imps (D:8)
  6 white imps
  5 ufetubi
  A worm (D:5)
  3 dart slugs
  35 orcs
  6 ball pythons
  6 endoplasms (D:1)
  5 giant cockroaches
  7 goblins
  11 hobgoblins
  A quokka (D:1)
  8 bats
  3 frilled lizards
  A gnoll zombie (Ossuary)
  2 hobgoblin zombies (Ossuary)
  14 kobolds
  3 kobold zombies (Ossuary)
  An orc zombie (Ossuary)
  5 rats
287 creatures vanquished.

Vanquished Creatures (collateral kills)
  A boulder beetle (D:11)
  A two-headed ogre (D:9)
  Nergalle (D:10)
  A gargoyle (D:11)
  Maggie (D:9)
  An unseen horror (D:11)
  2 trolls
  A shadow (D:9)
  5 yaks
  2 wyverns
  An acid dragon (D:10)
  A water moccasin (D:10)
  A black bear (D:5)
  An ice beast (D:7)
  2 centaurs
  A scorpion (D:6)
  6 killer bees
  2 elephant simulacra (IceCv)
  A quasit (D:8)
  3 orc priests
  A jelly (Gauntlet)
  A sleepcap (D:6)
  3 orc wizards
  A spriggan simulacrum (IceCv)
  2 gnolls (D:7)
  A shadow imp (D:8)
  A white imp (IceCv)
  3 ufetubi
  6 orcs
  A goblin (D:11)
  5 kobolds
  An orc zombie (Ossuary)
  A butterfly (D:7)
62 creatures vanquished.

Vanquished Creatures (others)
  5 knights
  5 ancestors
10 creatures vanquished.

Grand Total: 359 creatures vanquished

Notes
Turn   | Place    | Note
-------+----------+-------------------------------------------
     0 | D:1      | Newt the Demonspawn Gladiator began the quest for the Orb.
     0 | D:1      | Reached XP level 1. HP: 16/16 MP: 1/1
   258 | D:1      | Gained mutation: Your demonic aura sometimes causes spilled
                  | blood to erupt in flames. [demonic ancestry]
   258 | D:1      | Reached XP level 2. HP: 14/23 MP: 2/2
   749 | D:1      | Gained mutation: You have a small tail. [demonic ancestry]
   749 | D:1      | Reached XP level 3. HP: 29/29 MP: 3/3
  1366 | D:2      | Found a faded altar of an unknown god.
  1587 | D:3      | Reached skill level 1 in Polearms
  2007 | D:4      | Gained mutation: You have a tail ending in a sharp stinger.
                  | [demonic ancestry]
  2007 | D:4      | Reached XP level 4. HP: 37/37 MP: 4/4
  2060 | D:4      | Noticed an orc warrior
  2087 | D:4      | Reached skill level 2 in Polearms
  2120 | D:4      | Killed an orc warrior
  2121 | D:4      | Reached skill level 3 in Polearms
  2121 | D:4      | Gained mutation: A weak demonic guardian rushes to your
                  | aid. [demonic ancestry]
  2121 | D:4      | Reached XP level 5. HP: 5/42 MP: 5/5
  2760 | D:4      | Noticed a black bear
  2772 | D:4      | Killed a black bear
  2773 | D:4      | Gained mutation: A demonic guardian rushes to your aid.
                  | [demonic ancestry]
  2773 | D:4      | Reached XP level 6. HP: 21/48 MP: 6/6
  3155 | D:5      | Entered Level 5 of the Dungeon
  3155 | D:5      | Found Ehec's General Store.
  3175 | D:5      | Bought a scroll of enchant weapon for 97 gold pieces
  3356 | D:5      | Found a hazy altar of Hepliaklqana.
  3389 | D:5      | Became a worshipper of Hepliaklqana the Forgotten
  3392 | D:5      | Found a stormy altar of Qazlal.
  3392 | D:5      | Found an opulent altar of Gozag.
  3393 | D:5      | Found a broken altar of Ashenzari.
  3396 | D:5      | Found a sparkling altar of Nemelex Xobeh.
  3397 | D:5      | Found a shimmering blue altar of Sif Muna.
  3440 | D:5      | Reached skill level 5 in Throwing
  3442 | D:5      | Reached XP level 7. HP: 32/54 MP: 7/7
  4113 | D:6      | Found Wynid's Assorted Antiques.
  4121 | D:6      | Bought a scroll of identify for 62 gold pieces
  4175 | D:6      | Reached skill level 4 in Polearms
  4271 | D:6      | Reached * piety under Hepliaklqana
  4293 | D:6      | Found a sand-covered staircase.
  4298 | Ossuary  | Entered an ossuary
  4827 | Ossuary  | Reached skill level 5 in Polearms
  4863 | Ossuary  | Gained mutation: You have a sharp stinger which inflicts
                  | weakening toxins. [demonic ancestry]
  4863 | Ossuary  | Reached XP level 8. HP: 54/54 MP: 8/8
  5163 | D:6      | Reached skill level 6 in Polearms
  5176 | D:6      | Reached skill level 1 in Armour
  5182 | D:6      | Found a staircase to the Ecumenical Temple.
  6375 | D:7      | Noticed a troll
  6388 | D:6      | Killed a troll
  6600 | D:7      | Reached skill level 5 in Armour
  7127 | D:7      | Found a radiant altar of Vehumet.
  7127 | D:7      | Found a basalt altar of Yredelemnul.
  7151 | D:7      | Reached XP level 9. HP: 60/60 MP: 9/9
  7152 | D:7      | Reached skill level 5 in Fighting
  7579 | D:7      | Reached ** piety under Hepliaklqana
  7585 | D:7      | Remembered your ancestor Publia as a knight
  7764 | D:7      | Found a transporter.
  7767 | D:7      | Noticed hgbash's ghost (novice TrSh)
  7769 | D:7      | Found a shimmering altar of Xom.
  7792 | D:7      | Found a transporter.
  7795 | D:7      | Noticed a moth of wrath
  8037 | D:7      | Killed a moth of wrath
  8038 | D:7      | Reached skill level 7 in Polearms
  8058 | D:7      | Killed hgbash's ghost
  8059 | D:7      | Reached skill level 8 in Polearms
  8066 | D:7      | Reached skill level 9 in Polearms
  8303 | D:8      | Gained mutation: You are partially covered in molten
                  | scales. (AC +2) [demonic ancestry]
  8303 | D:8      | Reached XP level 10. HP: 53/68 MP: 7/10
  8329 | D:7      | Reached skill level 10 in Polearms
  8668 | D:8      | Noticed Erica
  8676 | D:8      | Killed Erica
  9019 | D:8      | Reached skill level 11 in Polearms
 10072 | D:9      | Noticed Maggie
 10074 | D:9      | Paralysed by Maggie for 4 turns
 10089 | D:9      | Killed Maggie
 10090 | D:9      | Reached skill level 12 in Polearms
 10090 | D:9      | Reached skill level 1 in Evocations
 10273 | D:9      | Found a blossoming altar of Fedhas.
 10668 | D:9      | Reached *** piety under Hepliaklqana
 10833 | D:9      | Noticed a two-headed ogre
 10839 | D:9      | Killed a two-headed ogre
 10840 | D:9      | Reached XP level 11. HP: 61/72 MP: 11/11
 11476 | D:10     | Entered Level 10 of the Dungeon
 11531 | D:10     | Reached skill level 5 in Evocations
 11996 | D:10     | Noticed a sea snake
 12031 | D:10     | Noticed Joseph
 12077 | D:10     | Killed Joseph
 12228 | D:10     | Found a staircase to the Lair.
 12281 | D:10     | Noticed Nergalle
 12292 | D:10     | Noticed Gastronok
 12307 | D:10     | Killed Nergalle
 12318 | D:10     | Killed Gastronok
 12886 | D:11     | Found Xapon's Weapon Emporium.
 12965 | D:11     | Found Paoph's Weapon Emporium.
 12975 | D:11     | Noticed a sun demon
 13049 | D:11     | Noticed a green ugly thing
 13064 | D:11     | Killed a green ugly thing
 13076 | D:11     | Gained mutation: You are mostly covered in molten scales.
                  | (AC +3) [demonic ancestry]
 13076 | D:11     | Reached XP level 12. HP: 85/85 MP: 12/12
 13086 | D:11     | Found a staircase to the Orcish Mines.
 13127 | D:11     | Noticed a boulder beetle
 13128 | D:11     | Reached **** piety under Hepliaklqana
 13171 | D:11     | Found Vecziet's Magic Scroll Boutique.
 13176 | D:11     | Found a gate leading to a gauntlet.
 13194 | Gauntlet | Entered a Gauntlet
 13194 | Gauntlet | Found a transporter.
 13203 | Gauntlet | Found a transporter.
 13206 | Gauntlet | Found a transporter.
 13207 | Gauntlet | Found a transporter.
 13218 | Gauntlet | Found a transporter.
 13218 | Gauntlet | Found a transporter.
 13219 | Gauntlet | Found a transporter.
 13227 | Gauntlet | Found a transporter.
 13230 | Gauntlet | Found a transporter.
 13231 | Gauntlet | Found a transporter.
 13233 | Gauntlet | Noticed a death yak
 13233 | Gauntlet | Noticed a death yak
 13233 | Gauntlet | Noticed a death yak
 13234 | Gauntlet | Noticed a death yak
 13235 | Gauntlet | Noticed a death yak
 13239 | Gauntlet | Found a transporter.
 13242 | Gauntlet | Found a transporter.
 13243 | Gauntlet | Found a transporter.
 13246 | Gauntlet | Noticed a hell beast
 13254 | Gauntlet | Found a transporter.
 13625 | Gauntlet | Killed a death yak
 13634 | Gauntlet | Killed a death yak
 13639 | Gauntlet | Killed a death yak
 13646 | Gauntlet | Killed a death yak
 13647 | Gauntlet | Reached skill level 13 in Polearms
 13696 | Gauntlet | Killed a death yak
 13886 | Gauntlet | Killed a hell beast
 13953 | Gauntlet | Identified the +2 pair of boots "Ahamos" {Int+2}
 13988 | Gauntlet | Noticed a minotaur
 14019 | Gauntlet | Killed a minotaur
 14199 | D:11     | Found Zeughay's Distillery.
 14303 | D:11     | Noticed a two-headed ogre
 14312 | D:11     | Killed a two-headed ogre
 14313 | D:11     | Reached skill level 14 in Polearms
 14424 | D:11     | Found Loofiy's Antique Armour Shoppe.
 14427 | D:11     | Noticed a boulder beetle
 14447 | D:11     | Killed a boulder beetle
 14536 | D:11     | Killed a boulder beetle
 14895 | D:12     | Found a frozen archway.
 14904 | IceCv    | Entered an ice cave
 16095 | IceCv    | Demolished by a dire elephant simulacrum

Illustrated notes

Levels and vault maps discovered:
D:1:      co_arrival_square_in_a_square_in_a_square, layout_basic
D:2:      layout_rooms, shapermc_ecumenical_altar_pompeii
D:3:      layout_rooms
D:4:      layout_basic, guppyfry_early_orc_mine
D:5:      layout_gridville, minitemple, serial_shops, shop, minivault_23
D:6:      layout_layer_cave, minmay_temple_entry_tees,
          lightli_ossuary_entry_decrepit_ruins, serial_shops, shop,
          ebering_dispersal_statue_hall, hangedman_decor_opposing
D:7:      layout_cave_pools, nicolae_overflow_two_pavilions, xom_butterflies,
          serial_column_ruins, column_ruins_hut_ruined,
          column_ruins_hut_pillars, column_ruins_open_tiny,
          column_ruins_corridor_corner, column_ruins_open_small,
          column_ruins_open_large, column_ruins_open_tiny,
          gammafunk_ghost_berserking_beasts
D:8:      layout_layer_cave, serial_demonic, serial_demonic_f, serial_demonic_f,
          serial_demonic_g, serial_demonic_c, uniq_erica
D:9:      layout_basic, fedhas_bush_and_centaur_altar, minmay_orc_keep,
          uniq_maggie
D:10:     layout_basic, minmay_lair_entry_grove, serial_aquarium,
          aquarium_bridge_square [aquarium_subvault_wall,
          aquarium_subvault_wall, aquarium_subvault_bridge,
          aquarium_subvault_balcony], aquarium_window_corridor_2,
          aquarium_window_1, aquarium_window_2, aquarium_window_1,
          aquarium_view_2a, aquarium_pool_1, blue_anna_alchemist,
          uniq_gastronok, uniq_joseph, uniq_nergalle
D:11:     layout_basic, erik_orc_3, gauntlet_entry_generic, serial_shops, shop,
          shop, nicolae_shop_trees, nicolae_shop_bloodbath_and_beyond,
          nicolae_shop_industrial_runoff, hangedman_decor_lopped
D:12:     layout_roguey, serial_shops, shop, portal_ice_cave_entry_pillars_1,
          corner_web_ring, uniq_lodul
IceCv:    ice_cave_caverns_01

Skill      XL: |  1  2  3  4  5  6  7  8  9 10 11 12 |
---------------+-------------------------------------+-----
Fighting       | 3 4 6 9 |  9.0
Polearms       | 1 3 5 6 9 12 14 | 14.8
Throwing       | 2 4 5 6 |  6.0
Armour         | 5 7 8 |  8.0
Evocations     | 4 6 |  6.0
Short Blades   | |  2.6
Dodging        | |  2.6

Action                     |  1- 3 |  4- 6 |  7- 9 | 10-12 || total
---------------------------+-------+-------+-------+-------++-------
  Melee: Rapier            |    47 |       |       |       ||    47
         Spear             |    98 |   104 |   280 |  1015 ||  1497
         Tailslap          |    12 |    11 |    34 |   127 ||   184
         Punch             |       |       |     4 |     7 ||    11
  Throw: Throwing net      |       |     3 |     1 |     1 ||     5
         Boomerang         |       |       |    27 |     9 ||    36
         Javelin           |       |       |       |    16 ||    16
 Invoke: Recall Ancestor   |       |       |     5 |     2 ||     7
         Ancestor Life: Kn |       |       |     1 |       ||     1
  Evoke: Wand              |       |       |       |     8 ||     8
    Use: Scroll            |     4 |     5 |     6 |     3 ||    18
         Potion            |       |     2 |     5 |     5 ||    12
   Stab: Sleeping          |     2 |       |       |       ||     2
         Distracted        |     1 |       |       |     7 ||     8
         Held in net/web   |       |     1 |       |       ||     1
         Invisible         |       |       |     2 |     9 ||    11
 Armour: Leather armour    |    41 |    29 |    54 |    19 ||   143
         Skin              |       |     9 |    33 |       ||    42
         Steam dragon scal |       |       |       |    28 ||    28
         Troll leather arm |       |       |       |   133 ||   133
  Dodge: Dodged            |    70 |    52 |   124 |   326 ||   572

Table legend: (Time is in decaauts)
 A = Elapsed time spent in this place.
 B = Non-inter-level travel time spent in this place.
 C = Inter-level travel time spent in this place.
 D = Time resting spent in this place.
 E = Time spent auto-exploring this place.
 F = Levels seen in this place.
 G = Mean time per level.
                   A        B        C        D        E       F      G
               +--------+--------+--------+--------+--------+-----+--------+
         Total |  15558 |  15123 |    435 |   4227 |   8426 |  15 | 1037.2 |
       Dungeon |  12890 |  12455 |    435 |   3452 |   7125 |  12 | 1074.2 |
       Ossuary |    691 |    691 |      0 |    453 |    139 |   1 |  691.0 |
      Ice Cave |   1100 |   1100 |      0 |      8 |    947 |   1 | 1100.0 |
      Gauntlet |    876 |    876 |      0 |    314 |    215 |   1 |  876.0 |
               +--------+--------+--------+--------+--------+-----+--------+

Top non-repeatable levels by time:
     D:6: 2094 daAuts
     D:9: 1709 daAuts
     D:7: 1525 daAuts
    D:10: 1317 daAuts
     D:4: 1222 daAuts
     D:8: 1209 daAuts
   IceCv: 1100 daAuts
     D:1: 1058 daAuts
     D:5: 926 daAuts
Gauntlet: 876 daAuts
    D:11: 800 daAuts
 Ossuary: 691 daAuts
     D:2: 467 daAuts
     D:3: 413 daAuts
    D:12: 144 daAuts
